AoeStats
← Pantsus

Black Forest

510613729Analyzed
4v4 RM · 1d ago on Oct 1, 2026· 34m 46s· 8 players
Game mode
Random Map
Map size
Large (8 player)
Population
200
Speed
Normal
Resources
Standard
Victory
Conquest
Starting age
Dark Age
Ending age
Imperial Age
RankedLock teamsTeams togetherTeam positionsShared explorationLock speedFull tech treeHidden civsTurbo modeCheats
Victory
Defeat
🇬🇹 Armenians · Guatemala
1130
+14
🇨🇱 Hindustanis · Chile
1047
+17
🇺🇸 Vietnamese · United States
1022
+18
🇦🇷 Franks · Argentina
904
+24
🇪🇨 Goths · Ecuador
1097
-19
🇪🇨 Turks · Ecuador
1095
-19
🇧🇷 Japanese · Brazil
1072
-18
🇧🇷 Jurchens · Brazil
1045
-17
Pantsus
7:19 Loom
12:31 Feudal Age
16:15 Castle Age
14:21 Double-Bit Axe
17:22 Wheelbarrow
18:26 Gold Mining
19:11 Husbandry
21:59 Bloodlines
23:19 Horse Collar
30:43 Forging
30:38 Scale Barding Armor
32:57 Iron Casting
32:23 Scale Mail Armor
33:44 Chain Barding Armor
CazadorGT
8:17 Loom
10:29 Feudal Age
11:29 Man-at-Arms
12:42 Arson
13:42 Forging
17:37 Long Swordsman
21:07 Double-Bit Axe
21:34 Horse Collar
22:47 Wheelbarrow
22:00 Town Watch
22:52 Wheelbarrow
23:03 Pikeman
23:46 Scale Mail Armor
27:32 Gold Mining
30:15 Castle Age
28:19 Fletching
31:10 Bodkin Arrow
30:52 Two-Handed Swordsman
32:39 Squires
33:47 Iron Casting
35:24 Chain Mail Armor
COSTAMDP
0:35 Loom
12:26 Feudal Age
18:09 Castle Age
20:16 Double-Bit Axe
20:44 Forging
26:39 Gold Mining
28:45 Bow Saw
32:35 Stone Mining
34:51 Ballistics
37:13 Imperial Age
Vanimal17
11:33 Feudal Age
11:55 Horse Collar
12:02 Double-Bit Axe
18:19 Castle Age
16:30 Gold Mining
17:06 Stone Mining
21:49 Heavy Plow
22:29 Bow Saw
26:09 Loom
26:59 Wheelbarrow
26:59 Caravan
29:31 Hand Cart
29:02 Town Watch
32:20 Fletching
32:31 Padded Archer Armor
35:25 Imperial Age
34:09 Bodkin Arrow
34:30 Leather Archer Armor
34:38 Ballistics
33:59 Treadmill Crane
34:31 Masonry
33:56 Pikeman
34:49 Bloodlines
34:41 Husbandry
34:03 Elite Skirmisher
34:50 Thumb Ring
Galluzzi
0:30 Loom
13:35 Feudal Age
13:55 Horse Collar
14:03 Double-Bit Axe
19:07 Wheelbarrow
21:20 Castle Age
22:41 Bow Saw
24:10 Hand Cart
29:55 Heavy Plow
30:33 Fletching
30:43 Padded Archer Armor
31:11 Forging
31:07 Scale Barding Armor
31:33 Squires
31:47 Caravan
32:01 Gold Mining
32:02 Stone Mining
33:21 Iron Casting
33:06 Chain Barding Armor
33:35 Stone Shaft Mining
33:36 Gold Shaft Mining
33:50 Town Watch
34:11 Pikeman
37:24 Imperial Age
Six
0:27 Loom
10:10 Feudal Age
10:46 Double-Bit Axe
17:12 Castle Age
27:36 Gold Mining
27:37 Stone Mining
28:02 Horse Collar
28:41 Bow Saw
29:11 Gold Shaft Mining
30:04 Heavy Plow
34:35 Imperial Age
31:59 Fletching
32:10 Padded Archer Armor
33:39 Bodkin Arrow
34:01 Leather Archer Armor
DobleP
0:27 Loom
12:18 Feudal Age
19:21 Castle Age
19:32 Double-Bit Axe
21:07 Pikeman
21:40 Horse Collar
30:52 Scale Mail Armor
31:04 Forging
Mashi
0:33 Loom
13:41 Feudal Age
19:52 Castle Age
18:45 Man-at-Arms
21:24 Crossbowman
22:10 Thumb Ring
Connection lost

Rejoining the realm…

Still unreachable

The connection could not be restored.

Session expired

The server has moved on; the page needs a fresh start.